 Dungeon Crawl Stone Soup version 0.32-a0-876-gcfddb08e57 (webtiles) character file.

Game seed: 12318629555728918729

345 601d51SH the Shield-Bearer (level 6, 0/53 HPs)
             Began as a Gnoll Fighter on Apr 2, 2024.
             Constricted to death by a ball python (1 damage)
             ... in a sewer.
             The game lasted 00:04:44 (2962 turns).

601d51SH the Shield-Bearer (Gnoll Fighter)          Turns: 2962, Time: 00:04:45

Health: 0/53       AC:  3    Str: 18    XL:     6   Next: 58%
Magic:  9/9        EV:  0    Int:  7    God:
Gold:   167        SH:  5    Dex: 11    Spells: 9/9 levels left

rFire   . . .        f - +1 mace (holy)
rCold   . . .        c - +0 buckler
rNeg    . . .        b - +0 scale mail
rPois   .            (no helmet)
rElec   .            (no cloak)
rCorr   .            B - +2 pair of gloves
SInv    .            (no boots)
Will    .....        (no amulet) Stlth
                     (no ring)
HPRegen 0.28/turn    (no ring)
MPRegen 0.11/turn

%: no passive effects
@: corroded, constricted
A: fangs 1, strong nose, distributed training
a: no special abilities


You were in a sewer.
You visited 1 branch of the dungeon, and saw 4 of its levels.
You also visited: Sewer.

You collected 167 gold pieces.

Inventory:

Hand Weapons
 f - a +1 mace of holy wrath (weapon)
 u - a +2 dagger of speed
Missiles
 g - 4 poisoned darts (quivered)
Armour
 b - a +0 scale mail (worn)
 c - a +0 buckler (worn)
 B - a +2 pair of gloves (worn)
Jewellery
 n - a ring of magical power
Wands
 w - a wand of roots (7)
Scrolls
 k - 2 scrolls of identify {unknown}
 l - a scroll of poison {unknown}
 o - 2 scrolls of enchant weapon {unknown}
 p - a scroll of summoning {unknown}
 q - a scroll of amnesia {unknown}
 r - 2 scrolls of silence {unknown}
 t - 2 scrolls of teleportation {unknown}
 x - a scroll of immolation {unknown}
 y - a scroll of revelation {unknown}
 z - a scroll of blinking {unknown}
 C - a scroll of fear {unknown}
Potions
 a - a potion of haste {unknown}
 d - 3 potions of might
 e - a potion of mutation {unknown}
 h - 2 potions of enlightenment {unknown}
 i - 2 potions of heal wounds {unknown}
 j - a potion of resistance {unknown}
 m - a potion of attraction {unknown}
 s - a potion of curing {unknown}
 v - a potion of brilliance {unknown}
 A - a potion of magic {unknown}


   Skills:
 + Level 6.9 Fighting
 + Level 2.1 Short Blades
 + Level 2.1 Long Blades
 + Level 5.0 Axes
 + Level 2.1 Maces & Flails
 + Level 2.1 Polearms
 + Level 2.1 Staves
 + Level 2.1 Ranged Weapons
 + Level 2.1 Throwing
 + Level 6.9 Armour
 + Level 2.1 Dodging
 + Level 2.1 Stealth
 + Level 6.9 Shields
 + Level 2.1 Unarmed Combat
 + Level 2.1 Spellcasting
 + Level 1.6 Conjurations
 + Level 1.6 Hexes
 + Level 1.6 Summonings
 + Level 1.6 Necromancy
 + Level 1.6 Translocations
 + Level 1.6 Fire Magic
 + Level 1.6 Ice Magic
 + Level 1.6 Air Magic
 + Level 1.6 Earth Magic
 + Level 1.6 Alchemy
 + Level 2.3 Invocations
 + Level 2.1 Evocations
 + Level 1.9 Shapeshifting


You had 9 spell levels left.
You didn't know any spells.
Your spell library contained the following spells:

 Spells                   Type           Power      Damage    Failure   Level
 Magic Dart               Conj           12%        1d3       54%         1
 Searing Ray              Conj           6%         2d4       69%         2
 Static Discharge         Conj/Air       6%         3-4/arc   69%         2
 Airstrike                Air            1%         2d(1-17)  100%        4
 Fulminant Prism          Conj/Alch      1%         3d5       100%        4
 Summon Lightning Spire   Summ/Air       3%         N/A       100%        4


Dungeon Overview and Level Annotations

Branches:
Dungeon (4/15)              Sewer (1/1)
 Temple: D:4-7

Altars:
Kikubaaqudgha

Shops:
D:1 (   D:3 (   D:4 [


Innate Abilities, Weirdness & Mutations

You have very sharp teeth.
Your uncanny sense of smell can sniff out nearby items.
Your experience applies equally to all skills.


Message History

You barely miss the adder.
The adder is severely wounded.
You feel sick.
The ball python bites you but does no damage.
The ball python constricts you. The rat bites you but does no damage.
The giant cockroach bites you but does no damage.
The adder bites you but does no damage. The jelly hits you but does no damage.
The ball python bites you.
* * * LOW HITPOINT WARNING * * *
The ball python constricts you. The giant cockroach bites you.
* * * LOW HITPOINT WARNING * * *
The rat bites you but does no damage. The adder bites you but does no damage.
The jelly hits you but does no damage.
You thump the adder!
You kill the adder!
You feel sick.
The giant cockroach splashes around in the water.
The ball python bites you but does no damage.
The ball python constricts you.
* * * LOW HITPOINT WARNING * * *
The rat bites you but does no damage. The jelly hits you but does no damage.
The ball python's grasp on you weakens, but your attempt to escape fails.
You feel sick.
The giant cockroach bites you but does no damage.
You block the ball python's attack. The ball python constricts you.
You block the rat's attack. The jelly hits you but does no damage.
The ball python bites you but does no damage.
The ball python constricts you. The giant cockroach bites you.
* * * LOW HITPOINT WARNING * * *
You thump the jelly! The acid corrodes you!
Your hands burn!
* * * LOW HITPOINT WARNING * * *
You bite the jelly.
The jelly is heavily wounded.
You feel sick.
You are no longer poisoned.
The rat bites you but does no damage. The giant cockroach bites you.
* * * LOW HITPOINT WARNING * * *
The jelly hits you but does no damage. You block the ball python's attack.
The ball python constricts you.
You die...

#.~ ∆ ..###
#~.....~. #~.# ∆
~~.~ #..######
#.~.. ##..~ #..#
.##..~##.~. #..#
..~...#~.~
#..######
.~~~...~~# ∆
#.~~~..~~
#.~~..~J##∆
#...~..~.
##.~~rJS##
#########
#~~~SB@†.##
#..~###~..~#
#.~. ##~~~## #.~
##~~~### ## #.
#~~~~.#########.
#
##..~~..~..†.~.~
####.~~...~..~~
############


You could see a jelly, an endoplasm, a giant cockroach, 2 ball pythons and a
rat.

Vanquished Creatures
  Sigmund (D:2)
  A bombardier beetle (D:3)
  Ijyb (D:3)
  5 adders
  2 river rats (D:4)
  9 endoplasms
  3 giant cockroaches
  3 goblins
  7 hobgoblins
  2 jackals (D:2)
  3 quokkas
  3 ball pythons
  10 bats
  2 frilled lizards (Sewer)
  4 kobolds
  10 rats
66 creatures vanquished.

Notes
Turn   | Place    | Note
-------+----------+-------------------------------------------
     0 | D:1      | 601d51SH the Gnoll Fighter began the quest for the Orb.
     0 | D:1      | Reached XP level 1. HP: 23/23 MP: 1/1
   133 | D:1      | Reached XP level 2. HP: 29/29 MP: 2/2
   476 | D:1      | Found Feloulim's Weapon Shop.
   663 | D:1      | Reached XP level 3. HP: 35/35 MP: 3/3
  1324 | D:2      | Reached skill level 1 in Invocations
  1416 | D:2      | Noticed Sigmund
  1444 | D:2      | Killed Sigmund
  1445 | D:2      | Reached skill level 1 in Short Blades
  1445 | D:2      | Reached skill level 1 in Long Blades
  1445 | D:2      | Reached skill level 1 in Maces & Flails
  1445 | D:2      | Reached skill level 1 in Polearms
  1445 | D:2      | Reached skill level 1 in Staves
  1445 | D:2      | Reached skill level 1 in Ranged Weapons
  1445 | D:2      | Reached skill level 1 in Throwing
  1445 | D:2      | Reached skill level 1 in Dodging
  1445 | D:2      | Reached skill level 1 in Stealth
  1445 | D:2      | Reached skill level 1 in Unarmed Combat
  1445 | D:2      | Reached skill level 1 in Spellcasting
  1445 | D:2      | Reached skill level 1 in Conjurations
  1445 | D:2      | Reached skill level 1 in Hexes
  1445 | D:2      | Reached skill level 1 in Summonings
  1445 | D:2      | Reached skill level 1 in Necromancy
  1445 | D:2      | Reached skill level 1 in Translocations
  1445 | D:2      | Reached skill level 1 in Fire Magic
  1445 | D:2      | Reached skill level 1 in Ice Magic
  1445 | D:2      | Reached skill level 1 in Air Magic
  1445 | D:2      | Reached skill level 1 in Earth Magic
  1445 | D:2      | Reached skill level 1 in Alchemy
  1445 | D:2      | Reached skill level 1 in Evocations
  1445 | D:2      | Reached skill level 1 in Shapeshifting
  1445 | D:2      | Reached XP level 4. HP: 20/41 MP: 4/6
  1445 | D:2      | Reached XP level 5. HP: 23/47 MP: 4/7
  1878 | D:3      | Found Vuota's Antique Weapon Shop.
  1972 | D:3      | Noticed Ijyb
  1991 | D:3      | Killed Ijyb
  1992 | D:3      | Reached XP level 6. HP: 25/53 MP: 8/8
  2322 | D:3      | Reached skill level 5 in Axes
  2336 | D:3      | Found an ancient bone altar of Kikubaaqudgha.
  2627 | D:4      | Found Wafedwul's Armour Boutique.
  2827 | D:4      | Found a glowing drain.
  2832 | Sewer    | Entered a sewer
  2962 | Sewer    | HP: 2/53 [poisoned by an adder]
  2962 | Sewer    | Constricted to death by a ball python

Illustrated notes

Levels and vault maps discovered:
D:1:      dpeg_arrival_shrine, layout_loops_ring, serial_shops,
          nicolae_shop_real_fake_doors
D:2:      layout_loops_corners, nicolae_eternal_life, uniq_sigmund
D:3:      layout_loops_cross, nicolae_kikubaaqudgha_miasma_corner, serial_shops,
          nicolae_shop_hallway_plus, uniq_ijyb
D:4:      minmay_octagon_keep, layout_cave_pods, portal_sewer_entry_e,
          serial_shops, shop, serial_park, serial_park_square2,
          serial_park_avenue1, serial_park_square2, uniq_pikel, uniq_grinder
Sewer:    sewer_hellmonk_slimy_pipes

Skill      XL: |  1  2  3  4  5  6 |
---------------+-------------------+-----
Invocations    | 2 |  2.3
Short Blades   | 1 2 |  2.1
Long Blades    | 1 2 |  2.1
Maces & Flails | 1 2 |  2.1
Polearms       | 1 2 |  2.1
Staves         | 1 2 |  2.1
Ranged Weapons | 1 2 |  2.1
Throwing       | 1 2 |  2.1
Dodging        | 1 2 |  2.1
Stealth        | 1 2 |  2.1
Unarmed Combat | 1 2 |  2.1
Spellcasting   | 1 2 |  2.1
Conjurations   | 1 |  1.6
Hexes          | 1 |  1.6
Summonings     | 1 |  1.6
Necromancy     | 1 |  1.6
Translocations | 1 |  1.6
Fire Magic     | 1 |  1.6
Ice Magic      | 1 |  1.6
Air Magic      | 1 |  1.6
Earth Magic    | 1 |  1.6
Alchemy        | 1 |  1.6
Evocations     | 1 2 |  2.1
Shapeshifting  | 1 |  1.9
Axes           | 5 |  5.0
Fighting       | |  6.9
Armour         | |  6.9
Shields        | |  6.9

Action                     |  1- 3 |  4- 6 || total
---------------------------+-------+-------++-------
  Melee: Mace              |    90 |   141 ||   231
         Bite              |     7 |    11 ||    18
 Armour: Scale mail        |    68 |   276 ||   344
  Dodge: Dodged            |    37 |   122 ||   159
  Block: Buckler           |    23 |    79 ||   102

Table legend: (Time is in decaauts)
 A = Elapsed time spent in this place.
 B = Non-inter-level travel time spent in this place.
 C = Inter-level travel time spent in this place.
 D = Time resting spent in this place.
 E = Time spent auto-exploring this place.
 F = Levels seen in this place.
 G = Mean time per level.
                   A        B        C        D        E       F      G
               +--------+--------+--------+--------+--------+-----+--------+
         Total |   3054 |   2893 |    161 |    113 |   2164 |   5 |  610.8 |
       Dungeon |   2903 |   2742 |    161 |    113 |   2098 |   4 |  725.8 |
         Sewer |    151 |    151 |      0 |      0 |     66 |   1 |  151.0 |
               +--------+--------+--------+--------+--------+-----+--------+

Top non-repeatable levels by time:
     D:2: 1019 daAuts
     D:1: 859 daAuts
     D:3: 806 daAuts
     D:4: 217 daAuts
   Sewer: 151 daAuts
